 Dungeon Crawl Stone Soup version 0.29-a0-1052-g6990b1bffc (webtiles) character file.

Game seed: 3984139440122158285

11 ragingrage the Sneak (level 2, 0/26 HPs)
             Began as a Minotaur Delver on Aug 17, 2022.
             Slain by an iguana (13 damage)
             ... on level 5 of the Dungeon.
             The game lasted 00:01:06 (534 turns).

ragingrage the Sneak (Minotaur Delver)               Turns: 534, Time: 00:01:06

Health: 0/26       AC:  3    Str: 16    XL:     2   Next: 17%
Magic:  1/1        EV: 11    Int:  7    God:
Gold:   0          SH:  0    Dex: 11    Spells: 1/1 levels left

rFire   . . .      SeeInvis .   a - +0 hand axe
rCold   . . .      Faith    .   (no shield)
rNeg    . . .      Spirit   .   b - +0 leather armour
rPois   .          Reflect  .   (helmet restricted)
rElec   .          Harm     .   (no cloak)
rCorr   .          Rampage  .   (no gloves)
Will    .....                   (no boots)
Stlth   ++........              (no amulet)
HPRegen 0.08/turn               (no ring)
MPRegen 0.07/turn               (no ring)

@: no status effects
A: horns 2, retaliatory headbutt
a: no special abilities


You were on level 5 of the Dungeon.
You visited 1 branch of the dungeon, and saw 2 of its levels.

Inventory:

Hand Weapons
 a - a +0 hand axe (weapon)
Armour
 b - a +0 leather armour (worn)
Jewellery
 h - a ring of resist corrosion
Wands
 g - a wand of digging (3)
Scrolls
 c - 2 scrolls of fog
 d - a scroll of magic mapping
 e - a scroll of fear
 j - a scroll of identify {unknown}
Potions
 f - a potion of haste
 i - a potion of might {unknown}
 k - a potion of curing {unknown}


   Skills:
 - Level 3.6 Fighting
 + Level 3.5 Axes
 - Level 2.1 Dodging
 - Level 4.1 Stealth


You had one spell level left.
You didn't know any spells.
Your spell library was empty.

Dungeon Overview and Level Annotations

Branches:
Dungeon (6/15)
 Temple: D:4-7

Altars:
Nemelex Xobeh


Innate Abilities, Weirdness & Mutations

You have a pair of horns on your head.
You reflexively headbutt those who attack you in melee.


Message History

You hear the quick hiss of an avalanche of sand nearby.
There is a stone staircase leading up, spattered with blood here.
You start resting.
You hear the quick hiss of an avalanche of sand nearby.
You climb upwards.
There is a stone staircase leading down here.
Unknown command.
You start resting.
An iguana comes into view.
You throw a poisoned dart. The poisoned dart hits the iguana.
The iguana is poisoned.
The iguana hisses angrily.
You throw a poisoned dart.
The poisoned dart barely misses the iguana.
You throw a poisoned dart.
The poisoned dart barely misses the iguana.
You throw a poisoned dart. The poisoned dart hits the iguana.
The iguana looks even sicker.
The iguana is lightly wounded.
You throw a poisoned dart. The poisoned dart hits the iguana.
The iguana is lightly wounded.
You hit the iguana but do no damage.
The iguana is heavily wounded.
The iguana closely misses you. You furiously retaliate!
You headbutt the iguana, but do no damage.
You barely miss the iguana.
The iguana is heavily wounded.
The iguana closely misses you.
You barely miss the iguana.
The iguana is heavily wounded.
The iguana bites you!
A killer bee comes into view.
The killer bee buzzes angrily.
You hit the iguana but do no damage.
The iguana is heavily wounded.
You hear a shout!
You hear an angry buzzing noise. x2
An orc priest comes into view. It is wielding a +0 dagger.
The iguana bites you!
Ouch! That really hurt!
You die...

.. #..r#... ##..
#......
....##...#.### .
.............# ...
.............###..#
.................#
..##....[.........#
#........#.##.###...
.......@#### ...
#.....l..# ..##
........... ...
....(.........o..
...(...##.....!..#
##(.... .........
#..... ...y## .(....
.o...


You could see an iguana (poisoned), a killer bee and an orc priest.

Vanquished Creatures
  5 orcs (D:6)
  A quokka (D:6)
6 creatures vanquished.

Notes
Turn   | Place    | Note
-------+----------+-------------------------------------------
     0 | D:5      | ragingrage the Minotaur Delver began the quest for the Orb.
     0 | D:5      | Reached XP level 1. HP: 19/19 MP: 0/0
    73 | D:6      | Noticed a sky beast
   169 | D:6      | Reached XP level 2. HP: 16/26 MP: 1/1
   285 | D:6      | Found a sparkling altar of Nemelex Xobeh.
   533 | D:5      | Noticed a killer bee
   534 | D:5      | Slain by an iguana

Illustrated notes

Levels and vault maps discovered:
D:5:      layout_cave_pools, bloody_trog, slow_altar_2,
          minmay_temple_entry_proselytizer, ebering_ghost_rock_garden,
          minmay_crossroads
D:6:      layout_basic, mainiacjoe_overflow_brackets,
          nemelex_spade_bored_becter, enter_ossuary_3,
          ebering_ghost_reflecting_pool, nicolae_figureground_sparkle

Skill      XL: |  1 |
---------------+----+-----
Axes           | 3 |  3.5
Fighting       | |  3.6
Dodging        | |  2.1
Stealth        | |  4.1

Action                   || total
-------------------------++-------
Melee: Hand axe          ||    21
       Headbutt          ||     3
Throw: Dart              ||     5
Armor: Leather armour    ||     3
Dodge: Dodged            ||    12

Table legend: (Time is in decaauts)
 A = Elapsed time spent in this place.
 B = Non-inter-level travel time spent in this place.
 C = Inter-level travel time spent in this place.
 D = Time resting spent in this place.
 E = Time spent auto-exploring this place.
 F = Levels seen in this place.
 G = Mean time per level.
                   A        B        C        D        E       F      G
               +--------+--------+--------+--------+--------+-----+--------+
         Total |    539 |    502 |     37 |    315 |     20 |   2 |  269.5 |
       Dungeon |    539 |    502 |     37 |    315 |     20 |   2 |  269.5 |
               +--------+--------+--------+--------+--------+-----+--------+

Top non-repeatable levels by time:
     D:6: 505 daAuts
     D:5: 34 daAuts
